 Dungeon Crawl Stone Soup version bcrawl-1.22 (webtiles) character file.

Game seed: 12774293068313474123

553 pasperui the Ducker (level 7, -2/60 HPs)
             Began as a Gnoll Reaver on May 13, 2020.
             Was a Priest of Vehumet.
             Slain by Prince Ribbit (7 damage)
             ... on level 5 of the Dungeon.
             The game lasted 00:11:02 (4406 turns).

pasperui the Ducker (Gnoll Reaver)                  Turns: 4406, Time: 00:11:03

Health: -2/60      AC:  7    Str: 20    XL:     7   Next: 29%
Magic:  19/24      EV: 16    Int: 22    God:    Vehumet [***...]
Gold:   294        SH:  0    Dex: 13    Spells: 14/17 levels left

rFire    . . .     SeeInvis .   u - +5 spear
rCold    . . .     Gourm    .   (no shield)
rNeg     . . .     Faith    .   b - +0 steam dragon scales
rPois    .         Spirit   .   y - +0 helmet
rElec    .         Reflect  .   (no cloak)
rCorr    .         Harm     .   (no gloves)
MR       .....                  g - +0 pair of boots
Stlth    ++........             (no amulet)
HPRegen  0.20/turn              x - ring of magical power
MPRegen  0.19/turn              (no ring)

@: mighty, brilliant
A: distributed training, fangs 1, strong nose
a: Renounce Religion


You were on level 5 of the Dungeon.
You worshipped Vehumet.
Vehumet was most pleased with you.
You were not hungry.

You visited 1 branch of the dungeon, and saw 5 of its levels.

You collected 294 gold pieces.

Inventory:

Hand Weapons
 a - a +0 long sword
 f - a +0 shortbow
 l - a +0 spear
 u - a +5 spear (weapon)
 B - a +0 hunting sling
Missiles
 i - 258 bolts
 j - 197 sling bullets
 m - 682 stones (quivered)
 v - 787 arrows
 E - 45 javelins
Armour
 b - +0 steam dragon scales (worn)
 g - a +0 pair of boots (worn)
 y - a +0 helmet (worn)
Jewellery
 x - a ring of magical power (left hand)
Scrolls
 d - a scroll of immolation
 h - 6 scrolls of identify {unknown}
 k - a scroll of enchant armour {unknown}
 o - 2 scrolls of amnesia {unknown}
 p - a scroll of enchant weapon {unknown}
 r - 2 scrolls of remove curse
 s - 3 scrolls of magic mapping {unknown}
 t - a scroll of teleportation {unknown}
Potions
 c - a potion of haste
 n - 4 potions of resistance
 q - a potion of brilliance
 w - a potion of flight {unknown}
 z - a potion of degeneration {unknown}
 A - a potion of curing
Comestibles
 e - 2 rations {!d}
 D - 6 chunks of flesh


   Skills:
 + Level 7.0 Fighting
 + Level 2.3 Short Blades
 + Level 7.0 Long Blades
 + Level 2.3 Axes
 + Level 2.3 Maces & Flails
 + Level 2.3 Polearms
 + Level 2.3 Staves
 + Level 2.3 Slings
 + Level 2.3 Bows
 + Level 2.3 Crossbows
 + Level 2.3 Throwing
 + Level 2.3 Armour
 + Level 7.0 Dodging
 + Level 2.3 Stealth
 + Level 2.3 Shields
 + Level 2.3 Unarmed Combat
 + Level 5.5 Spellcasting
 + Level 1.9 Conjurations
 + Level 1.9 Hexes
 + Level 1.9 Charms
 + Level 1.9 Summonings
 + Level 1.9 Necromancy
 + Level 1.9 Translocations
 + Level 1.9 Transmutations
 + Level 1.9 Fire Magic
 + Level 1.9 Ice Magic
 + Level 1.9 Air Magic
 + Level 1.9 Earth Magic
 + Level 1.9 Poison Magic
 + Level 2.6 Invocations
 + Level 2.3 Evocations


You had 14 spell levels left.
You knew the following spells:

 Your Spells              Type           Power        Failure   Level  Hunger
a - Dazzling Spray        Conj/Hex       ####..       1%          3    ##.....

Your spell library contained the following spells:

 Spells                   Type           Power        Failure   Level  Hunger
 Magic Dart               Conj           ####         1%          1    None
 Blink                    Tloc           N/A          1%          2    None
 Call Imp                 Summ           ####..       1%          2    None
 Conjure Flame            Conj/Fire      ####....     1%          3    ##.....
 Mephitic Cloud           Conj/Pois/Air  ####....     1%          3    ##.....
 Spider Form              Tmut/Pois      ###          1%          3    ##.....
 Iskenderun's Battlesphe  Conj/Chrm      ####....     3%          5    #####..


Dungeon Overview and Level Annotations

Branches:
Dungeon (5/12)             Temple (0/1) D:4

Altars:
Ashenzari
Elyvilon
Hepliaklqana
Kikubaaqudgha
Xom
Yredelemnul
Zin

Annotations:
D:5 Prince Ribbit


Innate Abilities, Weirdness & Mutations

Your experience applies equally to all skills.
You have very sharp teeth.
Your uncanny sense of smell can sniff out nearby items.


Message History

You reach to attack!
You miss Prince Ribbit.
Prince Ribbit is heavily wounded.
Attack whom?
Press: ? - help, Dir - move target cursor, f/p - Prince Ribbit
Aim: Prince Ribbit (heavily wounded, blind, hasn't noticed you)
You miss Prince Ribbit. Your bite misses Prince Ribbit.
Prince Ribbit is heavily wounded.
Prince Ribbit is no longer blind.
Prince Ribbit misses you.
You puncture Prince Ribbit!
Prince Ribbit is severely wounded.
Prince Ribbit barely misses you.
You completely miss Prince Ribbit. Your bite misses Prince Ribbit.
Prince Ribbit is severely wounded.
Prince Ribbit hits you!
* * * LOW HITPOINT WARNING * * *
Prince Ribbit closely misses you.
You puncture Prince Ribbit!
Prince Ribbit is severely wounded.
Prince Ribbit hits you!
You die...

#......##'####
#............#+####
#............#....#
#......<.....+....#
#............#....#
#....).......#....#
#............#....#
#............#....# ∆
#..........@F##'###...
#......#####...........
#......# +...........
#...[..# #...........
#......+ #...........
#......# #...........
#.>...... ..####+#####
#........>...#
#............#


You could see Prince Ribbit.

Vanquished Creatures
  A centaur (D:4)
  2 scorpions (D:3)
  A howler monkey (D:4)
  3 orc wizards (D:5)
  An iguana (D:4)
  A hound skeleton (D:2)
  Robin (D:2)
  8 adders
  An ooze (D:2)
  3 worms
  4 dart slugs
  8 leopard geckos
  18 orcs
  5 giant cockroaches
  6 goblins
  9 hobgoblins
  4 jackals
  A quokka (D:3)
  A ball python (D:2)
  3 bats (D:1)
  5 frilled lizards
  18 kobolds
  A quokka skeleton (D:4)
  A quokka zombie (D:5)
  A rat (D:2)
  2 butterflies (D:4)
109 creatures vanquished.

Notes
Turn   | Place    | Note
-------+----------+-------------------------------------------
     0 | D:1      | pasperui the Gnoll Reaver began the quest for the Orb.
     0 | D:1      | Reached XP level 1. HP: 23/23 MP: 6/6
   110 | D:1      | Reached XP level 2. HP: 26/29 MP: 7/7
  1002 | D:2      | Reached XP level 3. HP: 35/35 MP: 9/9
  1007 | D:2      | Reached skill level 5 in Spellcasting
  1034 | D:2      | Reached * piety under Vehumet
  1034 | D:2      | Offered knowledge of Freeze by Vehumet.
  1135 | D:2      | Noticed Robin
  1138 | D:2      | Reached skill level 1 in Invocations
  1143 | D:2      | Killed Robin
  1201 | D:2      | Reached skill level 1 in Short Blades
  1201 | D:2      | Reached skill level 1 in Axes
  1201 | D:2      | Reached skill level 1 in Maces & Flails
  1201 | D:2      | Reached skill level 1 in Polearms
  1201 | D:2      | Reached skill level 1 in Staves
  1201 | D:2      | Reached skill level 1 in Slings
  1201 | D:2      | Reached skill level 1 in Bows
  1201 | D:2      | Reached skill level 1 in Crossbows
  1201 | D:2      | Reached skill level 1 in Throwing
  1201 | D:2      | Reached skill level 1 in Armour
  1201 | D:2      | Reached skill level 1 in Stealth
  1201 | D:2      | Reached skill level 1 in Shields
  1201 | D:2      | Reached skill level 1 in Unarmed Combat
  1201 | D:2      | Reached skill level 1 in Evocations
  1201 | D:2      | Reached XP level 4. HP: 41/41 MP: 11/11
  1485 | D:2      | Reached skill level 1 in Conjurations
  1485 | D:2      | Reached skill level 1 in Hexes
  1485 | D:2      | Reached skill level 1 in Charms
  1485 | D:2      | Reached skill level 1 in Summonings
  1485 | D:2      | Reached skill level 1 in Necromancy
  1485 | D:2      | Reached skill level 1 in Translocations
  1485 | D:2      | Reached skill level 1 in Transmutations
  1485 | D:2      | Reached skill level 1 in Fire Magic
  1485 | D:2      | Reached skill level 1 in Ice Magic
  1485 | D:2      | Reached skill level 1 in Air Magic
  1485 | D:2      | Reached skill level 1 in Earth Magic
  1485 | D:2      | Reached skill level 1 in Poison Magic
  1586 | D:2      | Offered knowledge of Magic Dart by Vehumet.
  1613 | D:2      | Reached ** piety under Vehumet
  1728 | D:3      | Found a shattered altar of Ashenzari.
  1759 | D:3      | Reached XP level 5. HP: 47/47 MP: 12/12
  1890 | D:3      | Found a basalt altar of Yredelemnul.
  1945 | D:3      | Found a hazy altar of Hepliaklqana.
  2283 | D:4      | Noticed a centaur
  2293 | D:4      | Killed a centaur
  2293 | D:4      | Reached XP level 6. HP: 23/53 MP: 13/13
  2520 | D:4      | Found a white marble altar of Elyvilon.
  2810 | D:3      | Noticed a hungry ghost
  2939 | D:3      | Offered knowledge of Dazzling Spray by Vehumet.
  3207 | D:3      | Learned a level 3 spell: Dazzling Spray
  3639 | D:4      | Found a staircase to the Ecumenical Temple.
  3959 | D:4      | Found a shadowy altar of Dithmenos.
  3961 | D:4      | Found a shattered altar of Ashenzari.
  3961 | D:4      | Found an ancient bone altar of Kikubaaqudgha.
  3963 | D:4      | Found a snail-covered altar of Cheibriados.
  3963 | D:4      | Found a glowing silver altar of Zin.
  3963 | D:4      | Found a shimmering altar of Xom.
  4034 | D:4      | Found a glowing silver altar of Zin.
  4131 | D:4      | Reached XP level 7. HP: 49/59 MP: 15/15
  4211 | D:5      | Entered Level 5 of the Dungeon
  4279 | D:5      | Reached *** piety under Vehumet
  4362 | D:5      | Noticed Prince Ribbit
  4406 | D:5      | Slain by Prince Ribbit

Skill      XL: |  1  2  3  4  5  6  7 |
---------------+----------------------+-----
Spellcasting   | 5 |  5.5
Invocations    | 1 2 |  2.6
Short Blades   | 1 2 |  2.3
Axes           | 1 2 |  2.3
Maces & Flails | 1 2 |  2.3
Polearms       | 1 2 |  2.3
Staves         | 1 2 |  2.3
Slings         | 1 2 |  2.3
Bows           | 1 2 |  2.3
Crossbows      | 1 2 |  2.3
Throwing       | 1 2 |  2.3
Armour         | 1 2 |  2.3
Stealth        | 1 2 |  2.3
Shields        | 1 2 |  2.3
Unarmed Combat | 1 2 |  2.3
Evocations     | 1 2 |  2.3
Conjurations   | 1 |  1.9
Hexes          | 1 |  1.9
Charms         | 1 |  1.9
Summonings     | 1 |  1.9
Necromancy     | 1 |  1.9
Translocations | 1 |  1.9
Transmutations | 1 |  1.9
Fire Magic     | 1 |  1.9
Ice Magic      | 1 |  1.9
Air Magic      | 1 |  1.9
Earth Magic    | 1 |  1.9
Poison Magic   | 1 |  1.9
Fighting       | 7 |  7.0
Long Blades    | 7 |  7.0
Dodging        | 7 |  7.0

Action                   |  1- 3 |  4- 6 |  7- 9 || total
-------------------------+-------+-------+-------++-------
Melee: Long sword        |    86 |   134 |       ||   220
       Bite              |     4 |    21 |     1 ||    26
       Spear             |       |   102 |    38 ||   140
       Punch             |       |     2 |     1 ||     3
 Cast: Dazzling Spray    |       |       |     2 ||     2
  Use: Scroll            |       |     1 |       ||     1
       Potion            |       |       |     3 ||     3
  Eat: Chunk             |     1 |     9 |     1 ||    11
Armor: Steam dragon scal |    19 |    36 |    18 ||    73
Dodge: Dodged            |    54 |   162 |    45 ||   261
Block: Other             |     7 |     4 |       ||    11
